Map: Automaton LE

Players

Piroxiljin - Winner!

  • Race: Terran Terran
  • Spawn Location: 9:00

VOD

Have the link to the VOD?

Description

Time

  • Played on: Jan. 22, 2019, 12:45 p.m.
  • Length: 45:28
Show
View Real Time Build Order
Export as new Build Order

Piroxiljin Terran - Winner!

Build Orders:  

Get SALT Encoding   

  12  0:02  SCV  
  13  0:19  SCV  
  14  0:27  Supply Depot  
  14  0:38  SCV  
  15  0:57  SCV  
  16  1:03  Barracks  
  16  1:14  SCV  
  17  1:23  Refinery  
  17  1:31  SCV  
  18  1:47  SCV  
  19  1:53  Supply Depot  
  19  2:04  SCV  
  19  2:09  Barracks  
  20  2:25  Orbital Command  
  20  2:32  Barracks Tech Lab  
  20  3:01  SCV  
  20  3:03  Refinery  
  21  3:13  Marauder  
  23  3:51  Factory  
  23  3:52  Marauder  
  25  4:06  Barracks Reactor  
  25  4:07  SCV  
  26  4:24  SCV  
  27  4:39  Marauder  
  28  4:52  SCV  
  29  5:03  Command Center  
  29  5:06  Concussive Shells  
  29  5:07  Marine  
  29  5:08  Marine  
  31  5:12  Factory Tech Lab  
  31  5:20  Barracks  
  31  5:53  Marine x2  
  31  5:54  Siege Tank  
  31  5:59  SCV  
  37  6:06  Supply Depot  
  37  6:12  Supply Depot  
  37  6:14  Supply Depot  
  37  6:15  SCV  
  38  6:36  Marauder  
  40  6:42  Barracks Tech Lab  
  40  7:02  Engineering Bay  
  40  7:25  Unknown  
  27  7:57  Marauder  
  27  7:59  Marauder  
  29  8:17  Siege Tank  
  29  8:19  Marine  
  33  8:21  Marine  
  33  8:27  Marauder  
  34  8:57  Marauder x2, Marine  
  34  8:58  Marine  
  31  9:23  Marine x2  
  30  9:46  Hellion  
  28  9:52  Marauder  
  28  9:53  Marauder  
  28  9:56  Terran Infantry Weapons Level 1  
  28  9:58  SCV  
  30  10:05  Marine  
  30  10:06  Marine  
  32  10:11  SCV  
  32  10:15  SCV  
  32  10:16  Hellion  
  34  10:32  SCV  
  35  10:51  Supply Depot  
  35  10:54  Siege Tank  
  38  11:03  SCV  
  39  11:11  Marine  
  39  11:12  Marine  
  39  11:15  Marauder x2  
  45  11:20  SCV  
  46  12:04  SCV  
  46  12:08  Refinery  
  47  12:12  Refinery  
  47  12:21  SCV  
  47  12:24  Starport  
  48  12:55  Factory  
  48  12:58  Siege Tank  
  48  13:14  Missile Turret  
  48  13:19  Missile Turret  
  48  13:28  Missile Turret  
  47  13:38  Siege Tank  
  43  13:44  Supply Depot  
  37  13:54  Missile Turret  
  37  14:02  Supply Depot  
  37  14:05  Marine x2  
  37  14:09  Marauder  
  41  14:10  Marauder  
  43  14:23  Siege Tank  
  46  14:39  Marauder  
  48  15:29  Command Center  
  48  15:31  SCV  
  49  15:45  Siege Tank  
  49  15:48  SCV  
  49  15:49  Marauder, Marine  
  56  15:50  Marine  
  57  16:05  SCV  
  58  16:16  Factory Tech Lab  
  58  16:19  Marauder  
  60  16:22  SCV  
  61  16:30  Siege Tank  
  61  16:33  Refinery  
  61  16:38  Refinery  
  61  16:39  SCV  
  65  16:43  Terran Infantry Armor Level 1  
  65  16:53  Armory  
  65  16:56  SCV, Armory  
  65  16:58  Starport Tech Lab  
  66  17:02  Armory  
  66  17:13  SCV  
  66  17:15  SCV, Siege Tank  
  71  17:30  SCV  
  71  17:32  SCV  
  73  17:47  SCV, Marauder, Marine x2  
  78  18:00  Siege Tank  
  78  18:04  SCV  
  78  18:08  Terran Vehicle Weapons Level 1  
  82  18:10  Supply Depot  
  82  18:11  Terran Vehicle And Ship Armor Level 1  
  82  18:17  Marauder  
  82  18:19  SCV  
  85  18:21  SCV  
  85  18:28  Refinery  
  86  18:36  SCV  
  87  18:40  Supply Depot  
  87  18:45  Cyclone  
  82  18:53  SCV  
  83  19:10  SCV  
  83  19:14  Supply Depot  
  83  19:18  Thor  
  90  19:26  Marauder  
  90  19:27  Marine x2  
  94  19:30  Cyclone  
  97  19:47  Viking  
  99  19:56  Marauder  
  101  20:04  SCV  
  101  20:05  Starport  
  101  20:07  SCV  
  103  20:11  Starport  
  103  20:18  Thor  
  109  20:22  Orbital Command  
  109  20:24  SCV  
  109  20:29  Viking  
  112  20:43  Orbital Command  
  112  21:18  Cyclone  
  115  21:58  Marine x2  
  117  22:00  Cyclone  
  117  22:03  Cyclone  
  117  22:05  Siege Tank  
  117  22:08  Raven  
  125  22:11  Viking  
  125  22:12  Viking  
  125  22:19  Terran Ship Weapons Level 1  
  129  22:22  Terran Vehicle Weapons Level 2  
  129  22:24  Terran Vehicle And Ship Armor Level 2  
  129  22:30  Missile Turret  
  129  22:57  Siege Tank  
  129  22:58  Missile Turret  
  129  23:07  Siege Tank x2  
  129  23:13  Supply Depot  
  129  23:15  Supply Depot  
  129  23:27  Missile Turret  
  129  23:43  Thor x2  
  129  23:46  Supply Depot  
  129  23:48  Supply Depot  
  141  23:56  Missile Turret  
  141  24:15  Terran Infantry Weapons Level 2  
  141  24:21  Supply Depot  
  141  24:23  Missile Turret  
  141  24:24  Engineering Bay  
  86  25:12  Starport Tech Lab  
  86  25:14  Medivac  
  88  25:33  Thor  
  88  25:34  Thor  
  88  25:38  Viking  
  88  25:39  Viking  
  104  26:11  Marine x2  
  104  26:12  Marauder x2  
  110  26:20  Raven, Siege Tank x2  
  110  26:22  Starport Tech Lab  
  110  26:27  Terran Vehicle Weapons Level 3  
  110  26:29  Terran Vehicle And Ship Armor Level 3  
  112  26:31  Terran Ship Weapons Level 2  
  112  26:33  Siege Tank  
  112  26:34  Siege Tank  
  112  26:37  Supply Depot  
  118  27:10  Supply Depot  
  118  27:18  Siege Tank  
  118  27:19  Siege Tank  
  124  27:41  Supply Depot  
  124  28:03  Thor x2  
  136  28:36  Command Center  
  136  28:49  Command Center  
  136  29:03  Thor x2  
  148  29:10  Missile Turret  
  148  29:14  Viking x2  
  148  29:18  Raven  
  154  29:22  Marauder x2, Marine  
  154  29:23  Marine  
  160  29:47  Corvid Reactor  
  160  29:56  Raven  
  162  30:03  Thor x2  
  174  30:36  Refinery  
  174  30:45  SCV  
  175  31:00  SCV  
  175  31:02  SCV  
  177  31:12  Refinery  
  177  31:17  SCV  
  177  31:18  SCV  
  179  31:30  Siege Tank x4  
  179  31:34  SCV  
  179  31:35  SCV  
  181  31:40  Thor  
  181  31:41  Thor  
  193  31:51  SCV  
  193  31:52  SCV  
  195  32:08  SCV  
  196  32:40  Siege Tank  
  199  33:47  Siege Tank  
  199  34:06  Ghost Academy  
  162  34:48  Siege Tank x2  
  141  35:33  Siege Tank, Thor  
  144  35:43  Viking x2  
  144  35:44  Viking  
  150  36:18  Thor  
  155  36:25  Viking x2  
  155  36:26  Raven  
  161  36:33  Thor  
  165  37:07  Raven  
  167  37:18  Thor  
  165  37:33  Thor  
  163  38:17  Siege Tank  
  166  38:33  Siege Tank  
  165  39:02  Siege Tank  
  168  39:18  Thor  
  162  39:47  Thor  
  160  40:13  Siege Tank  
  160  40:18  Siege Tank  
  163  40:47  Siege Tank  
  166  41:02  Thor  
  170  41:32  SCV, Thor  
  177  41:41  Refinery  
  177  41:49  SCV  
  178  42:06  SCV  
  179  42:17  Refinery  
  173  43:43  Siege Tank x2  
  173  43:44  Siege Tank  
  173  44:25  Siege Tank x4  
  173  44:46  SCV  
  174  45:03  SCV  
Tags
 
Add a new tag
Caveats
  • Supply blocks, unpowered buildings, or Contaminate may cause inaccurate times.
  • Supply counts are checked every 10 seconds.